 Dungeon Sprint DCSS version 0.26-a0-649-gf8c6c3aab7 (webtiles) character file.

Game seed: 11571837543543973913

182546 sahdkjhfkaj the Tycoon (level 16, -6/143 HPs)
             Began as a Gnoll Transmuter on Sept 26, 2020.
             Was an Initiate of Gozag.
             Killed from afar by Nikola (27 damage)
             ... with a chain lightning
             ... in the Dungeon (Sprint IX: "|||||||||||||||||||||||||||||").
             The game lasted 00:25:24 (9162 turns).

sahdkjhfkaj the Tycoon (Gnoll Transmuter)           Turns: 9162, Time: 00:25:25

Health: -6/143     AC: 19    Str: 14    XL:     16   Next: 77%
Magic:  38/38      EV: 35    Int: 18    God:    Gozag
Gold:   12370      SH: 21    Dex: 16    Spells: 26/52 levels left

rFire    . . .     SeeInvis .     - Unarmed
rCold    . . .     Faith    .   A - +1 tower shield
rNeg     + . .     Spirit   .   m - +1 scale mail
rPois    +         Reflect  .   j - +0 helmet
rElec    .         Harm     .   B - +2 ratskin cloak {*Rats rPois rN+ Str-1 Int-1 Dex+1}
rCorr    .         Rampage  .   u - +0 pair of gloves {archery}
MR       ++...     NoTele   +   (no boots)
Stlth    ++++++....             y - amulet of the acrobat
HPRegen  0.33/turn              H - ring of wizardry
MPRegen  0.26/turn              x - ring of protection from magic

@: acrobat
A: distributed training, fangs 1, weak 1, strong nose
}: 4/17 runes: decaying, serpentine, barnacled, gossamer
a: Potion Petition, Call Merchant, Bribe Branch, Renounce Religion


You were in the Dungeon.
You worshipped Gozag.
Gozag was extremely pleased with you.
You visited 1 branch You collected 23779 gold pieces.
You spent 5175 gold pieces at shops.
You paid 6234 gold pieces to Gozag.

Inventory:

Missiles
 O - 14 silver javelins (quivered)
Armour
 j - a +0 helmet (worn)
 m - a +1 scale mail (worn)
 u - a +0 pair of gloves of archery (worn)
 A - a +1 tower shield (worn)
 B - the +2 ratskin cloak (worn) {*Rats rPois rN+ Str-1 Int-1 Dex+1}
   (You found it in the Dungeon)

   It affects your strength (-1).
   It affects your intelligence (-1).
   It affects your dexterity (+1).
   It protects you from poison.
   It protects you from negative energy.
Jewellery
 i - a +4 ring of evasion
 k - a +3 ring of intelligence
 l - a +3 ring of intelligence
 w - an uncursed ring of ice
 x - a ring of protection from magic (right hand)
 y - an amulet of the acrobat (around neck)
 z - an uncursed ring of see invisible
 F - a +4 ring of evasion
 G - a +4 ring of protection
 H - a ring of wizardry (left hand)
 I - a +6 ring of strength
Scrolls
 e - 5 scrolls of remove curse
 h - 2 scrolls of blinking
 q - 12 scrolls of enchant armour
 r - a scroll of fog
 s - 2 scrolls of fear
 t - a scroll of magic mapping
 D - 6 scrolls of enchant weapon
 L - a scroll of identify
Potions
 a - 5 potions of might
 b - a potion of invisibility
 c - 15 potions of curing
 d - 6 potions of heal wounds
 f - 5 potions of magic
 n - 3 potions of berserk rage
 o - 5 potions of brilliance
 v - a potion of degeneration {unknown}
 C - a potion of resistance
 E - a potion of cancellation
 J - 2 potions of stabbing
 K - a potion of haste
 M - a potion of lignification {unknown}
 N - a potion of flight {unknown}
Miscellaneous
 g - a phantom mirror (inert)
 p - a condenser vane (2/2)


   Skills:
 + Level 18.3 Fighting
 + Level 18.1 Short Blades
 + Level 18.1 Long Blades
 + Level 18.1 Axes
 + Level 18.1 Maces & Flails
 + Level 18.1 Polearms
 + Level 18.1 Staves
 + Level 18.1 Slings
 + Level 18.1 Bows
 + Level 18.1 Crossbows
 + Level 18.1 Throwing
 + Level 18.1 Armour
 + Level 18.5 Dodging
 + Level 18.1 Stealth
 + Level 18.1 Shields
 + Level 18.9 Unarmed Combat
 + Level 18.6 Spellcasting
 + Level 15.6 Conjurations
 + Level 15.6 Hexes
 + Level 15.6 Summonings
 + Level 15.6 Necromancy
 + Level 15.6 Translocations
 + Level 16.0 Transmutations
 + Level 15.6 Fire Magic
 + Level 15.6 Ice Magic
 + Level 15.6 Air Magic
 + Level 15.6 Earth Magic
 + Level 15.6 Poison Magic
 + Level 19.5 Invocations
 + Level 18.1 Evocations


You had 26 spell levels left.
You knew the following spells:

 Your Spells              Type           Power        Failure   Level
a - Beastly Appendage     Tmut           ######       1%          1
b - Ozocubu's Refrigerat  Ice            ######....   1%          6
D - Dragon Form           Tmut           ######....   9%          7
P - Passage of Golubria   Tloc           N/A          1%          4
S - Statue Form           Tmut/Erth      ######...    1%          6
W - Wereblood             Tmut           ######..     1%          2

Your spell library contained the following spells:

 Spells                   Type           Power        Failure   Level
 Passwall                 Tmut/Erth      ######..     1%          2
 Swiftness                Air            ######..     1%          2
 Spider Form              Tmut/Pois      ######....   1%          3
 Ice Form                 Ice/Tmut       ######..     1%          4
 Leda's Liquefaction      Hex/Erth       ######....   1%          4
 Blade Hands              Tmut           ######....   1%          5
 Bolt of Magma            Conj/Fire/Erth ######....   1%          5
 Irradiate                Conj/Tmut      ######....   1%          5
 Lee's Rapid Deconstruct  Erth           ######....   1%          5
 Metabolic Englaciation   Hex/Ice        ######....   1%          5
 Freezing Cloud           Conj/Ice/Air   ######....   1%          6
 Hydra Form               Tmut           ######....   1%          6
 Invisibility             Hex            ######..     1%          6
 Iron Shot                Conj/Erth      ######....   1%          6
 Simulacrum               Ice/Necr       ######....   1%          6
 Shatter                  Erth           ######....   100%        9


Dungeon Overview and Level Annotations

Branches:
Dungeon (1/1)

Altars:
Cheibriados
Dithmenos
Elyvilon
Fedhas
Gozag
Hepliaklqana
Kikubaaqudgha
Makhleb
Nemelex Xobeh
Okawaru
Qazlal
Ru
Sif Muna
Trog
Uskayaw
Vehumet
Wu Jian
Xom
Yredelemnul
Zin
The Shining One
Beogh
Jiyva
Lugonu

Shops:
D !}*}?[[::

Annotations:
D Nikola


Innate Abilities, Weirdness & Mutations

Your experience applies equally to all skills.
You have very sharp teeth.
Your uncanny sense of smell can sniff out nearby items.
You are weak. (Str -2)


Message History

Nikola gestures wildly while chanting.
Nikola blinks!
Unknown command.
Unknown command.
You swap places.
Nikola mumbles some strange words.
You hear a mighty clap of thunder!
The lightning arc hits you!!
A river rat scurries out from under your cloak.
The lightning arc hits Nikola!!
The lightning arc hits you!!
The lightning arc hits Nikola.
The lightning arc hits you!!
The lightning arc hits Nikola!!
You swap places.
Nikola mumbles some strange words.
You hear a mighty clap of thunder!
The lightning arc hits Nikola!!
The lightning arc hits you!!!
* * * LOW HITPOINT WARNING * * *
The lightning arc hits Nikola!!
The lightning arc hits you!!
You die...
Your body crumbles into a pile of gold.

∆∆∆∆∆∆∆ ∆∆∆∆∆∆∆ ∆∆∆∆∆ ∆∆∆$$∆$∆
▓▓▓▓▓▓▓▓▓▓▓▓▓▓▓▓▓▓▓▓▓▓▓▓▓
....@..@@r...............
▓▓▓▓▓▓▓▓▓♣♣♣♣♣♣♣♣♣♣♣♣♣♣▓▓▓▓▓▓▓▓▓▓
)))).....'.............))))).))))
▓▓▓▓▓▓▓▓▓♣♣♣♣♣♣♣♣♣♣♣♣♣♣▓▓▓▓▓▓▓▓▓▓
.....)).).)).....................
▓▓▓▓▓▓▓▓▓▓▓▓▓▓▓▓▓▓▓▓▓▓▓▓▓▓▓▓▓▓▓▓▓
'.........))))))...[[[[[[........
▓▓▓▓▓▓▓▓▓▓▓▓▓▓▓▓▓▓▓▓▓▓▓▓▓▓▓▓▓▓▓▓▓
.................)...............


You could see Nikola, the friendly Nikola (summoned, drained) and a friendly
river rat.

Vanquished Creatures
  Mara (D)
  Sojobo (D)
  Margery (D)
  Saint Roka (D)
  6 nagarajas (D)
  3 tengu reavers (D)
  2 ghost moths (D)
  2 frost giants (D)
  2 emperor scorpions (D)
  3 vault wardens (D)
  An ironheart preserver (D)
  4 very ugly things (D)
  A stone giant (D)
  2 merfolk javelineers (D)
  4 fire dragons (D)
  5 merfolk impalers (D)
  An ettin (D)
  A yaktaur captain (D)
  2 ice dragons (D)
  11 hydras (D)
  3 naga warriors (D)
  Erolcha (D)
  2 spriggan air magi (D)
  2 alligators (D)
  An anaconda (D)
  2 centaur warriors (D)
  4 merfolk aquamancers (D)
  3 tengu warriors (D)
  3 ogre magi (D)
  A deep troll earth mage (D)
  2 naga sharpshooters (D)
  A shock serpent (D)
  5 orc high priests (D)
  Urug (D)
  A deep elf knight (D)
  4 hell knights (D)
  2 unseen horrors (D)
  3 sea snakes (D)
  A spriggan druid (D)
  A flayed ghost (D)
  3 swamp dragons (D)
  A harpy (D)
  9 orc knights (D)
  5 wolf spiders (D)
  3 orb spiders (D)
  A lindwurm (shapeshifter) (D)
  An orc sorcerer (D)
  5 ironbrand convokers (D)
  2 manticores (D)
  3 ugly things (D)
  2 necromancers (D)
  2 moths of wrath (D)
  2 salamanders (D)
  2 guardian serpents (D)
  A black mamba (shapeshifter) (D)
  A guardian serpent (shapeshifter) (D)
  3 black mambas (D)
  2 naga magi (D)
  2 elephants (D)
  A tengu conjurer (D)
  A yaktaur (D)
  2 jumping spiders (D)
  3 trolls (D)
  3 polar bears (D)
  2 tyrant leeches (D)
  3 merfolk (D)
  A hornet (D)
  A bog body (D)
  2 slime creatures (D)
  A snapping turtle (D)
  A hippogriff (D)
  6 redbacks (D)
  A vampire (D)
  A yak (D)
  A water elemental (D)
  Grum (D)
  A vampire mosquito (D)
  A naga (D)
  3 porcupines (D)
  4 water moccasins (D)
  3 swamp drakes (D)
  12 orc warriors (D)
  5 black bears (D)
  A phantom (D)
  2 ogres (D)
  5 wolves (D)
  A boggart (D)
  4 bullfrogs (D)
  A wight (D)
  A hound (D)
  5 orc priests (D)
  A gnoll shaman (D)
  5 orc wizards (D)
  A worker ant (D)
  An adder skeleton (D)
  A dart slug (D)
  A leopard gecko (D)
  7 orcs (D)
  A goblin (D)
  2 frilled lizards (D)
  A giant cockroach zombie (D)
  A rat (D)
249 creatures vanquished.

Vanquished Creatures (others)
  Ilsuiw (D)
  A bog body (D)
  A shadow (D)
3 creatures vanquished.

Grand Total: 252 creatures vanquished

Notes
Turn   | Place    | Note
-------+----------+-------------------------------------------
     0 | D        | sahdkjhfkaj the Gnoll Transmuter began the quest for the
                  | Orb.
     0 | D        | Reached XP level 1. HP: 17/17 MP: 6/6
    11 | D        | Reached skill level 5 in Spellcasting
    15 | D        | Reached skill level 1 in Invocations
    18 | D        | Reached skill level 1 in Short Blades
    18 | D        | Reached skill level 1 in Long Blades
    18 | D        | Reached skill level 1 in Axes
    18 | D        | Reached skill level 1 in Maces & Flails
    18 | D        | Reached skill level 1 in Polearms
    18 | D        | Reached skill level 1 in Staves
    18 | D        | Reached skill level 1 in Slings
    18 | D        | Reached skill level 1 in Bows
    18 | D        | Reached skill level 1 in Crossbows
    18 | D        | Reached skill level 1 in Throwing
    18 | D        | Reached skill level 1 in Armour
    18 | D        | Reached skill level 1 in Stealth
    18 | D        | Reached skill level 1 in Shields
    18 | D        | Reached skill level 1 in Evocations
    30 | D        | Noticed an ogre
    30 | D        | Noticed a worker ant
    30 | D        | Noticed a phantom
    34 | D        | Reached XP level 2. HP: 23/23 MP: 6/8
    40 | D        | Killed an ogre
    40 | D        | Reached skill level 5 in Dodging
    40 | D        | Reached skill level 3 in Invocations
    40 | D        | Reached XP level 3. HP: 30/30 MP: 7/10
    40 | D        | Reached XP level 4. HP: 37/37 MP: 7/11
    42 | D        | Reached XP level 5. HP: 42/42 MP: 9/13
    70 | D        | Killed a phantom
    70 | D        | Reached skill level 5 in Transmutations
    70 | D        | Reached skill level 4 in Invocations
   308 | D        | Found a roughly hewn altar of Beogh.
   308 | D        | Found a snail-covered altar of Cheibriados.
   308 | D        | Found a shadowy altar of Dithmenos.
   308 | D        | Found a white marble altar of Elyvilon.
   308 | D        | Found a blossoming altar of Fedhas.
   308 | D        | Found an opulent altar of Gozag.
   309 | D        | Found a hazy altar of Hepliaklqana.
   316 | D        | Learned a level 5 spell: Blade Hands
   316 | D        | Found a viscous altar of Jiyva.
   317 | D        | Found an ancient bone altar of Kikubaaqudgha.
   318 | D        | Found a corrupted altar of Lugonu.
   319 | D        | Found a burning altar of Makhleb.
   320 | D        | Found a sparkling altar of Nemelex Xobeh.
   321 | D        | Found an iron altar of Okawaru.
   322 | D        | Found a stormy altar of Qazlal.
   323 | D        | Found a sacrificial altar of Ru.
   324 | D        | Found a shimmering blue altar of Sif Muna.
   328 | D        | Became a worshipper of Gozag Ym Sagoz the Greedy
   334 | D        | Learned a level 4 spell: Ice Form
   337 | D        | Learned a level 2 spell: Wereblood
   340 | D        | Found a bloodstained altar of Trog.
   341 | D        | Found a hide-covered altar of Uskayaw.
   342 | D        | Found a radiant altar of Vehumet.
   343 | D        | Found an ornate altar of the Wu Jian Council.
   344 | D        | Found a shimmering altar of Xom.
   345 | D        | Found a basalt altar of Yredelemnul.
   346 | D        | Found a glowing silver altar of Zin.
   347 | D        | Found a glowing golden altar of the Shining One.
   356 | D        | Found the +12 glaive of Prune {vorpal}
   395 | D        | Noticed an ogre
   395 | D        | Noticed a water moccasin
   395 | D        | Noticed a troll
   401 | D        | Killed an ogre
   401 | D        | Reached skill level 5 in Fighting
   401 | D        | Reached XP level 6. HP: 45/51 MP: 11/15
   415 | D        | Killed a water moccasin
   415 | D        | Reached skill level 5 in Invocations
   420 | D        | Reached skill level 5 in Short Blades
   420 | D        | Reached skill level 5 in Long Blades
   420 | D        | Reached skill level 5 in Axes
   420 | D        | Reached skill level 5 in Maces & Flails
   420 | D        | Reached skill level 5 in Polearms
   420 | D        | Reached skill level 5 in Staves
   420 | D        | Reached skill level 5 in Slings
   420 | D        | Reached skill level 5 in Bows
   420 | D        | Reached skill level 5 in Crossbows
   420 | D        | Reached skill level 5 in Throwing
   420 | D        | Reached skill level 5 in Armour
   420 | D        | Reached skill level 5 in Stealth
   420 | D        | Reached skill level 5 in Shields
   420 | D        | Reached skill level 5 in Evocations
   428 | D        | Killed a troll
   428 | D        | Reached skill level 6 in Invocations
   428 | D        | Reached XP level 7. HP: 18/58 MP: 15/18
   644 | D        | Noticed a troll
   644 | D        | Noticed a tengu warrior
   644 | D        | Noticed a manticore
   661 | D        | Killed an unseen horror
   661 | D        | Reached skill level 5 in Conjurations
   661 | D        | Reached skill level 5 in Hexes
   661 | D        | Reached skill level 5 in Summonings
   661 | D        | Reached skill level 5 in Necromancy
   661 | D        | Reached skill level 5 in Translocations
   661 | D        | Reached skill level 5 in Fire Magic
   661 | D        | Reached skill level 5 in Ice Magic
   661 | D        | Reached skill level 5 in Air Magic
   661 | D        | Reached skill level 5 in Earth Magic
   661 | D        | Reached skill level 5 in Poison Magic
   661 | D        | Reached skill level 7 in Invocations
   661 | D        | Reached XP level 8. HP: 47/67 MP: 14/20
   664 | D        | Killed a troll
   670 | D        | Killed a tengu warrior
   670 | D        | Reached skill level 8 in Invocations
   670 | D        | Reached XP level 9. HP: 31/74 MP: 15/22
   674 | D        | Killed a manticore
   674 | D        | Reached skill level 10 in Unarmed Combat
  1021 | D        | Noticed a five-headed hydra
  1023 | D        | Noticed a black mamba
  1029 | D        | Killed a seven-headed hydra
  1029 | D        | Reached skill level 9 in Invocations
  1029 | D        | Reached XP level 10. HP: 63/82 MP: 16/23
  1032 | D        | Killed a black mamba
  1032 | D        | Reached skill level 10 in Spellcasting
  1425 | D        | Bought a book of Burglary for 975 gold pieces
  1430 | D        | Learned a level 4 spell: Passage of Golubria
  1537 | D        | Noticed an elephant
  1537 | D        | Noticed a four-headed hydra
  1537 | D        | Noticed an elephant
  1611 | D        | Killed an elephant
  1611 | D        | Reached skill level 10 in Dodging
  1617 | D        | Killed a four-headed hydra
  1620 | D        | Reached skill level 10 in Invocations
  1625 | D        | Killed an elephant
  1889 | D        | Bought a book of Transfigurations for 715 gold pieces
  1896 | D        | Learned a level 6 spell: Statue Form
  2027 | D        | Reached XP level 11. HP: 87/90 MP: 13/25
  2028 | D        | Reached skill level 10 in Fighting
  2233 | D        | Bought a book of Ice for 845 gold pieces
  2370 | D        | Learned a level 6 spell: Ozocubu's Refrigeration
  2442 | D        | Noticed Grum
  2460 | D        | Gained mutation: You are weak. (Str -2) [mutagenic glow]
  2462 | D        | Killed Grum
  2825 | D        | Reached skill level 10 in Short Blades
  2825 | D        | Reached skill level 10 in Long Blades
  2825 | D        | Reached skill level 10 in Axes
  2825 | D        | Reached skill level 10 in Maces & Flails
  2825 | D        | Reached skill level 10 in Polearms
  2825 | D        | Reached skill level 10 in Staves
  2825 | D        | Reached skill level 10 in Slings
  2825 | D        | Reached skill level 10 in Bows
  2825 | D        | Reached skill level 10 in Crossbows
  2825 | D        | Reached skill level 10 in Throwing
  2825 | D        | Reached skill level 10 in Armour
  2825 | D        | Reached skill level 10 in Stealth
  2825 | D        | Reached skill level 10 in Shields
  2825 | D        | Reached skill level 10 in Evocations
  2977 | D        | Noticed an orc knight
  3017 | D        | Killed an orc knight
  3033 | D        | Reached skill level 11 in Invocations
  3268 | D        | Found Xal Jeas's Gadget Emporium.
  3268 | D        | Noticed an orc knight
  3268 | D        | Noticed an orc high priest
  3268 | D        | Noticed an orc knight
  3268 | D        | Noticed an orc high priest
  3268 | D        | Noticed an orc high priest
  3319 | D        | Noticed a sun demon
  3338 | D        | Killed an orc knight
  3342 | D        | Killed an orc high priest
  3350 | D        | Killed an orc knight
  3360 | D        | Killed an orc high priest
  3366 | D        | Killed an orc high priest
  3373 | D        | Noticed an orc knight
  3382 | D        | Killed an orc knight
  3382 | D        | Reached skill level 10 in Transmutations
  3385 | D        | Noticed an orc high priest
  3394 | D        | Killed an orc high priest
  3409 | D        | Found Nippa's Magic Scroll Shoppe.
  3413 | D        | Found Qinkem's Armour Emporium.
  3415 | D        | Noticed an orc knight
  3416 | D        | Found Hoor's Antique Armour Shoppe.
  3416 | D        | Noticed an orc knight
  3417 | D        | Noticed an orc knight
  3418 | D        | Bought a phantom mirror for 390 gold pieces
  3418 | D        | Noticed an orc knight
  3420 | D        | Noticed an orc knight
  3421 | D        | Killed an orc knight
  3421 | D        | Reached XP level 12. HP: 89/100 MP: 26/28
  3421 | D        | Noticed an orc high priest
  3425 | D        | Reached skill level 12 in Invocations
  3452 | D        | Killed an orc high priest
  3456 | D        | Bought a buzzing helmet for 218 gold pieces
  3466 | D        | Identified the +0 helmet of Dithmenos's Esteem {Rampage rC-
                  | Regen+} (You bought it in a shop in the Dungeon)
  3837 | D        | Noticed Erolcha
  3848 | D        | Killed Erolcha
  3902 | D        | Found the +7 Spriggan's Knife {stab, EV+4 Stlth+}
  3918 | D        | Found the +2 ratskin cloak {*Rats rPois rN+ Str-1 Int-1
                  | Dex+1}
  4003 | D        | Noticed a tengu warrior
  4003 | D        | Noticed a centaur warrior
  4017 | D        | Killed a tengu warrior
  4019 | D        | Reached skill level 10 in Conjurations
  4019 | D        | Reached skill level 10 in Hexes
  4019 | D        | Reached skill level 10 in Summonings
  4019 | D        | Reached skill level 10 in Necromancy
  4019 | D        | Reached skill level 10 in Translocations
  4019 | D        | Reached skill level 10 in Fire Magic
  4019 | D        | Reached skill level 10 in Ice Magic
  4019 | D        | Reached skill level 10 in Air Magic
  4019 | D        | Reached skill level 10 in Earth Magic
  4019 | D        | Reached skill level 10 in Poison Magic
  4019 | D        | Noticed a fire dragon
  4025 | D        | Noticed a stone giant
  4030 | D        | Noticed a green very ugly thing
  4031 | D        | Noticed a red very ugly thing
  4032 | D        | Killed a centaur warrior
  4043 | D        | Noticed a fire dragon
  4045 | D        | Killed a fire dragon
  4047 | D        | Noticed an ice dragon
  4050 | D        | Noticed a tengu warrior
  4051 | D        | Killed a stone giant
  4051 | D        | Reached skill level 13 in Invocations
  4066 | D        | HP: 3/132 [red very ugly thing (9)]
  4069 | D        | Killed a green very ugly thing
  4752 | D        | Killed a fire dragon
  4794 | D        | Killed a cyan very ugly thing
  4794 | D        | Reached XP level 13. HP: 109/109 MP: 13/30
  4883 | D        | Killed an ice dragon
  4981 | D        | Noticed Urug
  5015 | D        | Killed Urug
  5128 | D        | Noticed a merfolk impaler
  5147 | D        | Killed a merfolk impaler
  5257 | D        | Bought a potion of curing for 42 gold pieces
  5257 | D        | Bought a potion of curing for 42 gold pieces
  5257 | D        | Bought a potion of curing for 42 gold pieces
  5257 | D        | Bought a potion of curing for 42 gold pieces
  5257 | D        | Bought a potion of berserk rage for 70 gold pieces
  5257 | D        | Bought a potion of magic for 112 gold pieces
  5257 | D        | Bought a potion of resistance for 140 gold pieces
  5259 | D        | Bought a potion of curing for 51 gold pieces
  5259 | D        | Bought a potion of heal wounds for 85 gold pieces
  5259 | D        | Bought 2 potions of curing for 102 gold pieces
  5259 | D        | Bought a potion of brilliance for 68 gold pieces
  5259 | D        | Bought a potion of brilliance for 68 gold pieces
  5259 | D        | Bought a potion of might for 68 gold pieces
  5259 | D        | Bought a potion of curing for 51 gold pieces
  5259 | D        | Bought a potion of might for 68 gold pieces
  5259 | D        | Bought a potion of cancellation for 136 gold pieces
  5288 | D        | Reached skill level 14 in Invocations
  5520 | D        | Reached XP level 14. HP: 85/119 MP: 32/32
  5731 | D        | Bought a book of the Earth for 845 gold pieces
  5739 | D        | Learned a level 7 spell: Dragon Form
  5750 | D        | Noticed Saint Roka
  5762 | D        | Reached skill level 15 in Unarmed Combat
  5766 | D        | Killed Saint Roka
  5766 | D        | Reached skill level 15 in Invocations
  5932 | D        | Noticed a purple very ugly thing
  5934 | D        | Noticed a tengu reaver
  5958 | D        | Killed a purple very ugly thing
  5958 | D        | Reached skill level 15 in Spellcasting
  5960 | D        | Noticed a frost giant
  5963 | D        | Killed a tengu reaver
  5966 | D        | Reached skill level 15 in Dodging
  5968 | D        | Noticed a purple very ugly thing
  5977 | D        | Killed a purple very ugly thing
  5979 | D        | Killed a frost giant
  6016 | D        | Reached skill level 15 in Fighting
  6022 | D        | Reached skill level 16 in Invocations
  6498 | D        | Noticed a vault warden
  6498 | D        | Noticed a vault warden
  6504 | D        | Reached skill level 15 in Short Blades
  6504 | D        | Reached skill level 15 in Long Blades
  6504 | D        | Reached skill level 15 in Axes
  6504 | D        | Reached skill level 15 in Maces & Flails
  6504 | D        | Reached skill level 15 in Polearms
  6504 | D        | Reached skill level 15 in Staves
  6504 | D        | Reached skill level 15 in Slings
  6504 | D        | Reached skill level 15 in Bows
  6504 | D        | Reached skill level 15 in Crossbows
  6504 | D        | Reached skill level 15 in Throwing
  6504 | D        | Reached skill level 15 in Armour
  6504 | D        | Reached skill level 15 in Stealth
  6504 | D        | Reached skill level 15 in Shields
  6504 | D        | Reached skill level 15 in Evocations
  6505 | D        | Killed a vault warden
  6506 | D        | Killed a vault warden
  6516 | D        | Noticed a vault warden
  6521 | D        | Reached XP level 15. HP: 129/129 MP: 7/34
  6528 | D        | Killed a vault warden
  6544 | D        | Noticed a frost giant
  6557 | D        | Killed a frost giant
  6935 | D        | Noticed a tengu reaver
  7505 | D        | Killed a tengu reaver
  7544 | D        | Noticed Sojobo
  7553 | D        | Killed Sojobo
  7553 | D        | Reached skill level 17 in Invocations
  7554 | D        | Noticed a tengu reaver
  7557 | D        | Killed a tengu reaver
  7829 | D        | Noticed Mara
  7858 | D        | Killed Mara
  8134 | D        | Noticed Margery
  8144 | D        | Killed Margery
  8264 | D        | Noticed a nagaraja
  8269 | D        | Noticed a nagaraja
  8270 | D        | Reached skill level 18 in Invocations
  8271 | D        | Noticed a nagaraja
  8271 | D        | Noticed a nagaraja
  8274 | D        | Killed a nagaraja
  8277 | D        | Killed a nagaraja
  8277 | D        | Reached XP level 16. HP: 141/141 MP: 8/37
  8277 | D        | Noticed a nagaraja
  8280 | D        | Killed a nagaraja
  8280 | D        | Reached skill level 15 in Transmutations
  8280 | D        | Noticed a nagaraja
  8283 | D        | Killed a nagaraja
  8289 | D        | Killed a nagaraja
  8293 | D        | Killed a nagaraja
  8299 | D        | Got a serpentine rune of Zot
  8499 | D        | Reached skill level 15 in Conjurations
  8499 | D        | Reached skill level 15 in Hexes
  8499 | D        | Reached skill level 15 in Summonings
  8499 | D        | Reached skill level 15 in Necromancy
  8499 | D        | Reached skill level 15 in Translocations
  8499 | D        | Reached skill level 15 in Fire Magic
  8499 | D        | Reached skill level 15 in Ice Magic
  8499 | D        | Reached skill level 15 in Air Magic
  8499 | D        | Reached skill level 15 in Earth Magic
  8499 | D        | Reached skill level 15 in Poison Magic
  8611 | D        | Got a decaying rune of Zot
  8636 | D        | Noticed Ilsuiw
  8654 | D        | Reached skill level 19 in Invocations
  8661 | D        | Killed Ilsuiw
  8676 | D        | Got a barnacled rune of Zot
  8956 | D        | Got a gossamer rune of Zot
  9155 | D        | Noticed Nikola
  9162 | D        | Killed from afar by Nikola

Illustrated notes

Levels and vault maps discovered:
D:        linesprint [early_d, line_temple, items_1, d_10, items_2, lair_1,
          lair_end, items_3, orc_1, orc_end, items_4, d_15, swamp_1, shoals_1,
          snake_1, spider_1, d_20, vaults_1, items_5, swamp_end, shoals_end,
          snake_end, spider_end, vaults_end, d_27, items_6, zot_1, zot_end,
          crypt_end, forest_end, elf_end, slime_end, tomb_end, abyss_end,
          pan_hell_end]

Skill      XL: |  1  2  3  4  5  6  7  8  9 10 11 12 13 14 15 16 |
---------------+-------------------------------------------------+-----
Spellcasting   | 5 6 7 8 9 10 12 13 14 15 17 18 | 18.6
Invocations    | 1 3 4 6 7 8 9 10 11 13 14 16 18 19 | 19.5
Short Blades   | 1 2 3 4 5 6 7 8 9 11 12 13 15 16 18 | 18.1
Long Blades    | 1 2 3 4 5 6 7 8 9 11 12 13 15 16 18 | 18.1
Axes           | 1 2 3 4 5 6 7 8 9 11 12 13 15 16 18 | 18.1
Maces & Flails | 1 2 3 4 5 6 7 8 9 11 12 13 15 16 18 | 18.1
Polearms       | 1 2 3 4 5 6 7 8 9 11 12 13 15 16 18 | 18.1
Staves         | 1 2 3 4 5 6 7 8 9 11 12 13 15 16 18 | 18.1
Slings         | 1 2 3 4 5 6 7 8 9 11 12 13 15 16 18 | 18.1
Bows           | 1 2 3 4 5 6 7 8 9 11 12 13 15 16 18 | 18.1
Crossbows      | 1 2 3 4 5 6 7 8 9 11 12 13 15 16 18 | 18.1
Throwing       | 1 2 3 4 5 6 7 8 9 11 12 13 15 16 18 | 18.1
Armour         | 1 2 3 4 5 6 7 8 9 11 12 13 15 16 18 | 18.1
Stealth        | 1 2 3 4 5 6 7 8 9 11 12 13 15 16 18 | 18.1
Shields        | 1 2 3 4 5 6 7 8 9 11 12 13 15 16 18 | 18.1
Evocations     | 1 2 3 4 5 6 7 8 9 11 12 13 15 16 18 | 18.1
Fighting       | 3 4 5 6 7 8 9 11 12 13 15 17 18 | 18.3
Dodging        | 5 6 7 8 9 10 11 13 14 15 17 18 | 18.5
Unarmed Combat | 7 8 9 10 11 12 13 14 16 17 18 | 18.9
Conjurations   | 2 3 4 5 6 7 8 9 10 11 13 14 15 | 15.6
Hexes          | 2 3 4 5 6 7 8 9 10 11 13 14 15 | 15.6
Summonings     | 2 3 4 5 6 7 8 9 10 11 13 14 15 | 15.6
Necromancy     | 2 3 4 5 6 7 8 9 10 11 13 14 15 | 15.6
Translocations | 2 3 4 5 6 7 8 9 10 11 13 14 15 | 15.6
Transmutations | 4 5 6 7 8 9 10 11 12 13 14 16 | 16.0
Fire Magic     | 2 3 4 5 6 7 8 9 10 11 13 14 15 | 15.6
Ice Magic      | 2 3 4 5 6 7 8 9 10 11 13 14 15 | 15.6
Air Magic      | 2 3 4 5 6 7 8 9 10 11 13 14 15 | 15.6
Earth Magic    | 2 3 4 5 6 7 8 9 10 11 13 14 15 | 15.6
Poison Magic   | 2 3 4 5 6 7 8 9 10 11 13 14 15 | 15.6

Action                   |  1- 3 |  4- 6 |  7- 9 | 10-12 | 13-15 | 16-18 || total
-------------------------+-------+-------+-------+-------+-------+-------++-------
Melee: Unarmed           |    22 |    47 |    33 |   273 |   274 |    92 ||   741
       Kick              |     3 |    11 |       |    12 |       |       ||    26
       Headbutt          |     1 |     8 |       |     7 |       |       ||    16
       Bite              |       |     6 |     2 |    31 |    25 |    12 ||    76
       Punch             |       |     1 |     1 |    13 |    11 |       ||    26
 Cast: Beastly Appendage |     2 |     2 |       |     1 |       |       ||     5
       Wereblood         |       |     1 |     2 |     9 |     7 |     2 ||    21
       Blade Hands       |       |       |     2 |     1 |       |       ||     3
       Passage of Golubr |       |       |       |     8 |       |       ||     8
       Statue Form       |       |       |       |    10 |    15 |     3 ||    28
       Ice Form          |       |       |       |     1 |       |       ||     1
       Ozocubu's Refrige |       |       |       |       |    17 |    13 ||    30
Invok: Call Merchant     |       |       |     1 |       |     5 |       ||     6
       Potion Petition   |       |       |       |       |     1 |       ||     1
Evoke: Wand              |       |       |     2 |       |     8 |       ||    10
       Condenser vane    |       |       |     1 |     1 |     2 |       ||     4
       Phantom mirror    |       |       |       |       |     2 |     1 ||     3
  Use: Potion            |     1 |     1 |       |     3 |       |       ||     5
       Scroll            |       |       |       |     3 |       |       ||     3
 Stab: Distracted        |       |       |       |     6 |     4 |     3 ||    13
       Confused          |       |       |       |       |     3 |       ||     3
Armor: Robe              |     2 |     1 |       |       |       |       ||     3
       Scale mail        |       |     9 |    15 |    19 |       |     2 ||    45
       Skin              |       |       |       |    83 |   112 |    49 ||   244
Dodge: Dodged            |     7 |    25 |    16 |   211 |   284 |    92 ||   635
Block: Tower shield      |       |       |       |       |    18 |   137 ||   155

Table legend: (Time is in decaauts)
 A = Elapsed time spent in this place.
 B = Non-inter-level travel time spent in this place.
 C = Inter-level travel time spent in this place.
 D = Time resting spent in this place.
 E = Time spent auto-exploring this place.
 F = Levels seen in this place.
 G = Mean time per level.
                   A        B        C        D        E       F      G
               +--------+--------+--------+--------+--------+-----+--------+
         Total |   9688 |   9097 |    591 |   1928 |   4475 |   1 | 9688.0 |
       Dungeon |   9688 |   9097 |    591 |   1928 |   4475 |   1 | 9688.0 |
               +--------+--------+--------+--------+--------+-----+--------+

Top non-repeatable levels by time:
       D: 9688 daAuts
